 Dungeon Crawl Stone Soup version 0.28-b1-1-g3c77fb2ed1 (webtiles) character file.

Game seed: 246274451301223789

215 zeram the Chopper (level 5, 0/47 HPs)
             Began as a Hill Orc Fighter on Jan 28, 2022.
             Slain by an iguana (6 damage)
             ... on level 4 of the Dungeon.
             The game lasted 00:03:00 (3712 turns).

zeram the Chopper (Hill Orc Fighter)                Turns: 3712, Time: 00:03:00

Health: 0/47       AC:  9    Str: 21    XL:     5   Next: 92%
Magic:  14/14      EV:  9    Int:  8    God:
Gold:   78         SH:  4    Dex: 10    Spells: 4/4 levels left

rFire   . . .      SeeInvis .   a - +0 war axe
rCold   . . .      Faith    .   c - +0 buckler
rNeg    . . .      Spirit   .   b - +0 scale mail
rPois   .          Reflect  .   (no helmet)
rElec   .          Harm     .   l - +1 cloak
rCorr   .          Rampage  .   (no gloves)
Will    .....                   (no boots)
Stlth   ..........              (no amulet)
HPRegen 0.15/turn               f - ring of magical power
MPRegen 0.14/turn               (no ring)

@: no status effects
A: no striking features
a: no special abilities


You were on level 4 of the Dungeon.
You visited 1 branch of the dungeon, and saw 4 of its levels.

You collected 78 gold pieces.

Inventory:

Hand Weapons
 a - a +0 war axe (weapon)
Armour
 b - a +0 scale mail (worn)
 c - a +0 buckler (worn)
 l - a +1 cloak (worn)
Jewellery
 f - a ring of magical power (left hand)
Potions
 d - a potion of might
 e - 2 potions of lignification {unknown}
 g - a potion of curing {unknown}
 h - 2 potions of cancellation {unknown}
 i - a potion of heal wounds {unknown}
 k - a potion of brilliance {unknown}
 m - 2 potions of resistance {unknown}


   Skills:
 + Level 4.5 Fighting
 + Level 5.3 Axes
 + Level 4.2 Armour
 + Level 1.1 Dodging
 + Level 4.0 Shields


You had 4 spell levels left.
You didn't know any spells.
Your spell library was empty.

Dungeon Overview and Level Annotations

Branches:
Dungeon (4/15)
 Temple: D:4-7

Altars:
Makhleb

Shops:
D:2 :


Message History

The iguana is moderately wounded.
The iguana bites you.
You hit the iguana.
The iguana is heavily wounded.
The iguana bites you.
You are too injured to fight recklessly!
You are too injured to fight recklessly!
You are too injured to fight recklessly!
An iguana is nearby!
An iguana is nearby!
You are too injured to fight recklessly!
You completely miss the iguana.
The iguana is heavily wounded.
The iguana bites you.
The iguana bites you but does no damage.
You barely miss the iguana.
The iguana is heavily wounded.
The iguana bites you!
* * * LOW HITPOINT WARNING * * *
You hit the iguana.
The iguana is heavily wounded.
The iguana bites you but does no damage.
You closely miss the iguana.
The iguana is heavily wounded.
The iguana bites you but does no damage.
The iguana bites you!
* * * LOW HITPOINT WARNING * * *
You hit the iguana.
The iguana is severely wounded.
The iguana barely misses you.
You barely miss the iguana.
The iguana is heavily wounded.
The iguana bites you but does no damage.
You barely miss the iguana.
The iguana is heavily wounded.
You block the iguana's attack. The iguana barely misses you.
You barely miss the iguana.
The iguana is heavily wounded.
The iguana bites you.
You die...

.# ##.## ...(#
#...# #####
#.#.#
.....##.#.###
####...l#.?.
.......@#.#
#######†.[#
#...# #
#.#.##.#
#######.#....#
........#.####
####.#.####.#
#..†....(.>^#
#.##...######


You could see an iguana.

Vanquished Creatures
  A centaur skeleton (D:3)
  Jessica (D:2)
  An iguana (D:4)
  2 orc wizards (D:4)
  2 adders (D:2)
  A dart slug (D:2)
  7 orcs (D:4)
  3 ball pythons
  4 bats
  4 endoplasms
  7 giant cockroaches
  5 goblins
  6 hobgoblins
  2 quokkas
  2 frilled lizards (D:1)
  4 kobolds
  8 rats
  A bush (D:2)
61 creatures vanquished.

Notes
Turn   | Place    | Note
-------+----------+-------------------------------------------
     0 | D:1      | zeram the Hill Orc Fighter began the quest for the Orb.
     0 | D:1      | Reached XP level 1. HP: 19/19 MP: 1/1
    60 | D:1      | Found a faded altar of an unknown god.
   206 | D:1      | Reached XP level 2. HP: 27/27 MP: 2/2
  1154 | D:2      | Reached skill level 3 in Axes
  1266 | D:2      | Reached XP level 3. HP: 20/33 MP: 3/3
  1573 | D:2      | Noticed Jessica
  1575 | D:2      | Killed Jessica
  1576 | D:2      | Reached XP level 4. HP: 37/40 MP: 4/4
  1817 | D:2      | Found Umedwien's Book Shop.
  2086 | D:2      | Reached skill level 4 in Axes
  2403 | D:3      | Reached XP level 5. HP: 42/47 MP: 5/5
  3270 | D:4      | Reached skill level 1 in Dodging
  3465 | D:4      | Reached skill level 5 in Axes
  3515 | D:4      | Found a burning altar of Makhleb.
  3712 | D:4      | Slain by an iguana

Illustrated notes

Levels and vault maps discovered:
D:1:      minmay_arrival_three_doors, layout_basic,
          hellmonk_ecumenical_altar_crossroads
D:2:      layout_loops_cross, serial_shops, shop, minmay_hedge_maze,
          kennysheep_nub, uniq_jessica
D:3:      layout_basic, minmay_crystal_room
D:4:      minmay_inner_zag, layout_loops_ring, mainiacjoe_overflow_boulevard,
          kennysheep_mini_moat

Skill      XL: |  1  2  3  4  5 |
---------------+----------------+-----
Fighting       | 4 |  4.5
Axes           | 3 4 5 |  5.3
Armour         | 4 |  4.2
Dodging        | 1 |  1.1
Shields        | 4 |  4.0

Action                   |  1- 3 |  4- 6 || total
-------------------------+-------+-------++-------
Melee: War axe           |   113 |   104 ||   217
  Use: Scroll            |     1 |     2 ||     3
Armor: Scale mail        |    29 |    73 ||   102
Dodge: Dodged            |    34 |    48 ||    82
Block: Buckler           |    14 |    23 ||    37
